 Dungeon Crawl Stone Soup version 0.19-a0-1013-g40768a3 (webtiles) character file.

408130 lorenzova the Imperceptible (level 22, 0/87 (90) HPs)
             Began as a Spriggan Enchanter on July 24, 2016.
             Was the Champion of Dithmenos.
             Slain by an acid blob (33 damage)
             ... on level 1 of the Pits of Slime.
             The game lasted 04:30:57 (73135 turns).

lorenzova the Imperceptible (Spriggan Enchanter)   Turns: 73135, Time: 04:30:58

HP:   0/87 (90)     AC: 10    Str: 16    XL:     22   Next: 41%
MP:   34/39         EV: 40    Int: 12    God:    Dithmenos [******]
Gold: 2119          SH:  9    Dex: 28    Spells: 10 memorised, 23 levels left

rFire  + . .     SeeInvis +     m - +9 quick blade (freeze)
rCold  x . .     Gourm    .     w - +3 robe of the Blue Moon {rC- Dex+4}
rNeg   . . .     Faith    .     R - +2 buckler of Masochism {rElec rPois Int-5 Slay+5}
rPois  +         Spirit   .     W - +2 hat
rElec  +         Dismiss  +     x - +2 cloak
rCorr  +         Reflect  .     (gloves unavailable)
SustAt .         Harm     .     (boots unavailable)
MR     +++..     Clarity  +     y - amulet "Quxezutz" {Dismiss Str+8 Dex+2}
Stlth  ++++++++++               a - ring of resist corrosion
                                l - +5 ring of slaying

@: wreathed by umbra, very quick, extremely resistant to hostile enchantments,
uncannily stealthy
A: unfitting armour, antennae 1, see invisible, clarity, fire resistance 1,
herbivore 3, speed 3, low mp 1, slow metabolism 2, subdued magic 1
a: Shadow Step, Shadow Form, Renounce Religion
}: 2/15 runes: decaying, gossamer


You were on level 1 of the Pits of Slime.
You worshipped Dithmenos.
Dithmenos was exalted by your worship.
You were not hungry.

You visited 11 branches of the dungeon, and saw 44 of its levels.
You also visited: Labyrinth and Ice Cave.

You collected 5341 gold pieces.
You spent 3222 gold pieces at shops.

Inventory:

Hand Weapons
 m - a +9 quick blade of freezing (weapon)
 F - the +1 quick blade "Niumefra" {pierce, +Inv rC++ MR- Stlth+}
   (You acquired it on level 6 of the Lair of Beasts)

   It inflicts extra damage upon your enemies.
   It greatly protects you from cold.
   It affects your resistance to hostile enchantments.
   It lets you turn invisible.
   It makes you more stealthy.
Armour
 w - the +3 robe of the Blue Moon (worn) {rC- Dex+4}
   (You bought it in a shop on level 4 of the Dungeon)

   It affects your dexterity (+4).
   It makes you vulnerable to cold.
 x - a +2 cloak (worn)
 R - the +2 buckler of Masochism (worn) {rElec rPois Int-5 Slay+5}
   (You found it in an ice cave)

   It affects your intelligence (-5).
   It affects your accuracy and damage with ranged weapons and melee attacks
   (+5).
   It insulates you from electricity.
   It protects you from poison.
 W - a +2 hat (worn)
Rods
 Z - a +2 lightning rod (10/10)
   (You found it in a labyrinth)
Jewellery
 a - a ring of resist corrosion (right hand)
 c - an uncursed ring of magical power
 l - a +5 ring of slaying (left hand)
 v - the ring "Neosok" {+Fly rF++ rC-}
   (You found it on level 4 of the Dungeon)

   [ring of flight]

   It greatly protects you from fire.
   It makes you vulnerable to cold.
   It lets you fly.
 y - the amulet "Quxezutz" (around neck) {Dismiss Str+8 Dex+2}
   (You took it off a vampire mage on level 2 of the Crypt)

   [amulet of dismissal]

   It may teleport away creatures that harm you.
   It affects your strength (+8).
   It affects your dexterity (+2).
Wands
 r - a wand of iceblast (11/15)
 u - a wand of paralysis (15/24)
 A - a wand of teleportation (7/9)
 H - a wand of disintegration (6/24)
Scrolls
 h - 8 scrolls of blinking
 i - 8 scrolls of magic mapping
 j - 14 scrolls of teleportation
 k - a scroll of brand weapon
 s - 15 scrolls of identify
 J - 11 scrolls of enchant armour
 K - 3 scrolls of amnesia
 L - 8 scrolls of enchant weapon
 M - a scroll of holy word
 N - a scroll of silence
 O - 2 scrolls of fog
 P - 21 scrolls of remove curse
 T - a scroll of summoning
 U - 4 scrolls of recharging
 X - 4 scrolls of fear
Potions
 b - 3 potions of cure mutation
 e - 8 potions of flight
 f - 4 potions of berserk rage
 g - 8 potions of agility
 n - 5 potions of might
 p - 8 potions of heal wounds
 q - 4 potions of mutation
 z - 3 potions of haste
 B - a potion of magic
 C - 3 potions of ambrosia
 D - 5 potions of brilliance
 G - 2 potions of resistance
 I - 12 potions of curing
 Q - 2 potions of invisibility
Comestibles
 d - 12 bread rations


   Skills:
 - Level 12.7 Short Blades
 + Level 21.3 Dodging
 + Level 24.7 Stealth
 - Level 16.4 Spellcasting
 * Level 5.6 Conjurations
 - Level 20.2 Hexes
 - Level 8.5 Charms
 - Level 12.1 Necromancy
 - Level 9.3 Ice Magic
 * Level 9.1 Air Magic
 * Level 7.7 Poison Magic
 - Level 5.4 Invocations
 - Level 11.3 Evocations


You had 23 spell levels left.
You knew the following spells:

 Your Spells              Type           Power        Failure   Level  Hunger
a - Animate Skeleton      Necr           N/A          1%          1    None
b - Ensorcelled Hibernat  Hex/Ice        ####..       1%          2    None
c - Confuse               Hex            #####...     0%          3    None
d - Swiftness             Chrm/Air       ###.....     1%          2    None
e - Dispel Undead         Necr           ####....     1%          5    #####..
f - Mephitic Cloud        Conj/Pois/Air  ###.....     1%          3    None
g - Repel Missiles        Chrm/Air       ###...       1%          2    None
h - Metabolic Englaciati  Hex/Ice        ####......   1%          5    #####..
q - Animate Dead          Necr           N/A          1%          4    ##.....
r - Regeneration          Chrm/Necr      ####......   1%          3    None


Dungeon Overview and Level Annotations

Branches:
Dungeon (15/15)            Temple (1/1) D:4            Lair (6/6) D:11
  Swamp (4/4) Lair:4       Spider (4/4) Lair:2        Slime (1/5) Lair:5
    Orc (2/2) D:10            Elf (3/3) Orc:2        Vaults (4/5) D:13
  Crypt (3/3) Vaults:3       Tomb (0/3) Crypt:3      Depths (1/5) D:15

Altars:
Ashenzari
Cheibriados
Dithmenos
Elyvilon
Fedhas
Gozag
Hepliaklqana
Kikubaaqudgha
Makhleb
Nemelex Xobeh
Okawaru
Pakellas
Qazlal
Ru
Sif Muna
Trog
Uskayaw
Vehumet
Xom
Yredelemnul
Zin
The Shining One
Beogh

Shops:
D:4 [   D:6 *   D:8 =   D:10 [   Orc:2 *?*?   Elf:2 ?   Vaults:1 [   Vaults:2 !

Annotations:
D:12 Snorg
D:14 1 runed door
Vaults:3 Boris


Innate Abilities, Weirdness & Mutations

You are tiny and cannot use many weapons and most armour.
You have supernaturally acute eyesight. (SInv)
You are a herbivore.
You cover ground extremely quickly.
You need consume almost no food.
You have a pair of small antennae on your head.
You possess an exceptional clarity of mind.
Your flesh is heat resistant. (rF+)
Your magical capacity is low. (-10% MP)
Your spells are a little easier to cast, but a little less powerful.


Message History

The slime creature barely misses you. You block the slime creature's attack.
Two slime creatures merge to form a large slime creature.
Unknown command.
Casting: Confuse
Confirm with . or Enter, or press ? or * to list all spells.
Aiming: Confuse
Press: ? - help, Shift-Dir - straight line, f - acid blob, p - eye of draining
Aim: an acid blob (umbra, chance to defeat MR: 0%)
The acid blob resists with almost no effort.
Your shadow mimicks your spell!
The acid blob resists with almost no effort.
You puncture the acid blob! You freeze the acid blob.
Your hands burn!
The acid blob is lightly wounded.
Your shadow hits the acid blob but does no damage.
Your shadow is burned by acid!
The slime creature completely misses you.
You puncture the acid blob! You freeze the acid blob.
Your hands burn!
The acid blob is moderately wounded.
The acid blob hits you!!
You die...

#.....### .......
........# ........#
#.......
J#.......###......
.........##.....#
...............#
...............#
....J.J.J...<..#
..J..JG.J@.....###
...J..J..J.......##.
.......J..#..........
.#.........#.....##.#
#..............## #
.......>.......##
.#.......##.......
#..........##..##.
##..##..... #### #


You could see an acid blob, a large slime creature, 8 slime creatures and an eye
of draining.

Vanquished Creatures
  Khufu (Crypt:3)
  Xtahua (Vaults:3)
  A profane servitor (Crypt:3)
  2 bone dragons
  A lich (Crypt:3)
  A deep elf blademaster (Elf:2)
  An acid blob (Slime:1)
  A sphinx (D:12)
  Kirke (Swamp:1)
  Frances (Elf:1)
  3 ancient champions (Crypt:3)
  A tengu reaver (Vaults:3)
  2 storm dragons
  A revenant (Crypt:3)
  Donald (Orc:2)
  3 frost giants
  9 vault wardens
  Aizul (Elf:1)
  2 curse skulls (Crypt:2)
  Louise (Swamp:1)
  4 emperor scorpions
  An orc warlord (Orc:2)
  2 deep elf elementalists
  4 ghost moths (Spider:4)
  12 ironheart preservers
  11 ghouls
  11 entropy weavers
  12 very ugly things
  9 stone giants
  2 vampire knights
  Azrael (Spider:2)
  A deep elf demonologist (Elf:3)
  5 spark wasps
  2 deep elf death magi
  5 eidola (Crypt:3)
  4 ettins
  A quicksilver dragon zombie (Crypt:2)
  A minotaur (Lab)
  3 mummy priests
  A deep elf high priest (Elf:3)
  18 jiangshi
  2 death oozes (Swamp:4)
  2 great orbs of eyes
  A rakshasa (Depths:1)
  5 yaktaur captains
  The ghost of HAL9000 the Basher, a novice OgBe of Trog (Lair:1)
  Erolcha (D:9)
  3 ice dragons
  7 vault guards
  11 ogre magi
  19 hydras
  2 ghost crabs
  A hell beast (Swamp:4)
  A catoblepas (Lair:6)
  A spectral stone giant (Crypt:3)
  4 centaur warriors
  20 dancing weapons
  11 death knights
  The ghost of Shenda the Carver, a journeyman GrFi of Okawaru (D:12)
  2 deep troll earth magi
  5 vampire magi
  14 alligators
  A deep troll shaman (Vaults:4)
  3 tengu warriors
  7 orc high priests
  2 thrashing horrors (Swamp:4)
  4 spriggans
  The ghost of poirepourri the Basher, a novice GrFi of Okawaru (D:9)
  A soul eater (Crypt:1)
  2 fire crabs (shapeshifter)
  2 hell knights (Vaults:3)
  9 shadow wraiths
  Nergalle (Orc:1)
  16 deep elf knights
  An iron giant skeleton (Crypt:1)
  A quicksilver dragon simulacrum (Crypt:2)
  34 skeletal warriors
  The ghost of 4thArraOfDagon the Grappler, a novice VSMo of Cheibriados (Lair:2)
  17 deep trolls
  5 flayed ghosts
  2 spriggan druids (Swamp:4)
  4 wizards
  4 hill giants
  A tengu zombie (Vaults:4)
  5 unseen horrors
  13 deep elf archers
  4 swamp dragons
  An anaconda zombie (Crypt:2)
  8 orc knights
  2 phantasmal warriors
  A mana viper (shapeshifter) (D:12)
  14 ironbrand convokers
  3 harpies
  14 necromancers
  Pikel (D:4)
  A stone giant zombie (Vaults:4)
  A wolf spider (shapeshifter) (D:12)
  18 orb spiders
  34 deep elf magi
  A shining eye (Slime:1)
  11 hornets
  30 wolf spiders
  34 ugly things
  6 cyclopes
  2 moths of wrath (Spider:3)
  A sphinx skeleton (Vaults:4)
  8 orc sorcerers
  5 manticores
  4 griffons
  An iron dragon skeleton (Crypt:2)
  2 stone giant skeletons
  2 salamanders (Depths:1)
  A salamander (shapeshifter) (Elf:3)
  3 black mambas (Lair:6)
  A guardian serpent (shapeshifter) (Vaults:4)
  6 vault sentinels
  Psyche (D:8)
  2 centaur zombies (D:14)
  Maurice (D:8)
  6 torpor snails
  An orange demon (Swamp:4)
  5 kobold demonologists
  11 spiny frogs
  4 centaur skeletons
  A shock serpent skeleton (Crypt:3)
  2 gargoyles (D:12)
  A spiny frog (shapeshifter) (Elf:3)
  8 freezing wraiths
  23 yaktaurs
  10 demonic crawlers
  A rime drake (shapeshifter) (Vaults:2)
  An efreet (D:15)
  10 komodo dragons
  3 rime drakes
  A yaktaur skeleton (Vaults:1)
  A tengu conjurer (Depths:1)
  2 human skeletons
  7 guardian mummies (Crypt:3)
  8 trolls
  7 ice devils (IceCv)
  A pale draconian skeleton (Crypt:2)
  A golden dragon simulacrum (Crypt:3)
  A polar bear (Lair:6)
  29 jumping spiders
  20 two-headed ogres
  6 boulder beetles
  Grinder (D:6)
  6 giant leeches
  A harpy skeleton (Crypt:2)
  18 slime creatures
  3 blink frogs (Lair:6)
  A hydra skeleton (Crypt:3)
  A guardian serpent zombie (Crypt:1)
  7 bog bodies
  A meliai zombie (D:14)
  A stone giant simulacrum (Depths:1)
  An air elemental (Elf:2)
  27 tarantellas
  Sigmund (D:6)
  A deep troll skeleton (Depths:1)
  A black mamba zombie (Crypt:3)
  2 vampires
  59 flying skulls
  A tarantella (shapeshifter) (Vaults:2)
  An ice dragon skeleton (Crypt:1)
  86 redbacks
  26 yaks
  10 shadows
  11 wraiths
  24 humans
  3 basilisks
  6 hogs (Swamp:1)
  4 water elementals
  2 yaks (shapeshifter) (Vaults:3)
  A hungry ghost (D:11)
  A golden eye (shapeshifter) (Vaults:2)
  3 fire elementals (Spider:2)
  Grum (D:8)
  A giant leech zombie (Crypt:1)
  12 hippogriffs
  3 wyverns
  4 small abominations
  6 wargs
  8 vampire mosquitoes
  24 swamp worms
  3 mottled dragons
  The ghost of Shenda the Skirmisher, an amateur GrFi (D:5)
  A warg (shapeshifter) (Vaults:2)
  6 porcupines
  12 water moccasins
  Duvessa (D:4)
  4 hell hounds (Spider:2)
  A minotaur simulacrum (Crypt:3)
  8 swamp drakes
  10 ice beasts
  A slave (D:4)
  An ettin simulacrum (Crypt:2)
  53 ogres
  51 orc warriors
  A spiny frog skeleton (Crypt:1)
  A black bear (shapeshifter) (D:13)
  3 human zombies
  5 large abominations
  20 necrophages
  2 black bears
  5 sky beasts
  11 wasps
  4 phantoms
  21 boggarts
  3 wolves (D:8)
  An ice dragon simulacrum (Crypt:3)
  A manticore skeleton (Crypt:1)
  21 centaurs
  A blink frog skeleton (Crypt:2)
  14 crocodiles
  An octopode zombie (Crypt:2)
  3 elf zombies (Elf:1)
  4 big kobolds
  16 giant frogs
  A gnoll sergeant (D:7)
  2 earth elementals
  A spiny frog simulacrum (Crypt:3)
  Dowan (D:4)
  12 killer bees
  3 scorpions
  10 wights
  4 electric eels
  2 howler monkeys (D:13)
  5 draconian simulacra (IceCv)
  9 crimson imps
  A giant frog zombie (D:6)
  A human simulacrum (Vaults:2)
  8 hounds
  A wolf skeleton (Crypt:1)
  2 giant frog skeletons
  5 jellies
  36 orc priests
  Crazy Yiuf (D:6)
  13 worker ants
  Jessica (D:3)
  24 orc wizards
  5 iguanas
  2 troll simulacra (IceCv)
  24 sheep
  A centaur simulacrum (IceCv)
  5 hound skeletons
  Robin (D:2)
  A worker ant zombie (D:5)
  9 adders
  7 gnolls
  A howler monkey skeleton (Crypt:2)
  A naga simulacrum (IceCv)
  An ogre simulacrum (IceCv)
  40 river rats
  2 oozes
  An adder skeleton (D:5)
  A worm (D:2)
  A dart slug (D:1)
  7 giant geckos
  132 orcs
  A ball python (D:1)
  3 giant cockroaches
  23 goblins
  11 hobgoblins
  8 jackals
  13 kobolds
  8 quokkas
  11 bats
  A giant gecko skeleton (Crypt:2)
  6 giant newts
  A jackal skeleton (D:8)
  7 rats
1930 creatures vanquished.

Vanquished Creatures (collateral kills)
  2 thorn hunters
  An ironheart preserver (Vaults:4)
  A stone giant (Depths:1)
  An entropy weaver (Spider:1)
  A spark wasp (Spider:4)
  An ettin (Depths:1)
  2 green deaths (Swamp:4)
  A yaktaur captain (Vaults:1)
  A great orb of eyes (Vaults:3)
  3 hydras
  An ogre mage (Vaults:4)
  An alligator (Swamp:2)
  A storm dragon zombie (Depths:1)
  An unseen horror (shapeshifter) (D:13)
  An orange crystal statue (Spider:3)
  An ironbrand convoker (Vaults:3)
  2 wolf spiders
  A necromancer (Crypt:3)
  A deep elf mage (Elf:2)
  3 harpies (Vaults:1)
  2 hornets (Spider:4)
  A cyclops (Vaults:2)
  A griffon (Vaults:4)
  3 yaktaurs
  A demonic crawler (Spider:3)
  A freezing wraith (Vaults:3)
  3 jumping spiders
  2 slime creatures (Swamp:2)
  A boulder beetle (shapeshifter) (Vaults:4)
  A shadow (Swamp:4)
  5 redbacks
  A tarantella (Spider:4)
  2 small abominations (Swamp:4)
  2 humans (D:13)
  An ice beast (D:14)
  A wasp (Spider:4)
  4 ogres
  A wyvern zombie (D:14)
  A wight (D:14)
  2 orc wizards
  2 orcs (D:14)
65 creatures vanquished.

Vanquished Creatures (others)
  Margery (Vaults:3)
  A vault warden (Vaults:2)
  A yaktaur (Vaults:3)
  A jumping spider (Spider:2)
  3 slime creatures (Swamp:4)
  2 redbacks
  A fire elemental (Spider:2)
  A human (Swamp:2)
  An orc wizard (D:14)
  2 orcs (Orc:2)
  A fungus (Lair:6)
  8 plants
23 creatures vanquished.

Grand Total: 2018 creatures vanquished

Notes
Turn   | Place    | Note
-------+----------+-------------------------------------------
     0 | D:1      | lorenzova the Spriggan Enchanter began the quest for the Orb.
     0 | D:1      | Reached XP level 1. HP: 9/9 MP: 5/5
   225 | D:1      | Reached XP level 2. HP: 13/13 MP: 6/6
   460 | D:1      | Learned a level 2 spell: Ensorcelled Hibernation
  1528 | D:2      | Reached XP level 3. HP: 14/16 MP: 1/8
  1533 | D:2      | Learned a level 3 spell: Confuse
  2655 | D:2      | Noticed Robin
  3284 | D:2      | Reached skill level 5 in Stealth
  3430 | D:2      | Killed Robin
  3430 | D:2      | Reached skill level 5 in Hexes
  3430 | D:2      | Reached XP level 4. HP: 19/21 MP: 1/10
  4018 | D:3      | Reached XP level 5. HP: 18/24 MP: 3/12
  4675 | D:3      | Noticed Jessica
  4680 | D:3      | Killed Jessica
  4919 | D:4      | Noticed an ogre
  4929 | D:4      | Killed an ogre
  4929 | D:4      | Reached skill level 6 in Stealth
  4929 | D:4      | Reached skill level 5 in Spellcasting
  4929 | D:4      | Reached XP level 6. HP: 28/28 MP: 10/14
  4983 | D:4      | Noticed Duvessa
  4984 | D:4      | Noticed Dowan
  5290 | D:4      | Killed Duvessa
  5318 | D:4      | Killed Dowan
  5320 | D:4      | Reached XP level 7. HP: 23/32 MP: 11/17
  5716 | D:4      | Noticed Pikel
  5741 | D:4      | Killed Pikel
  5741 | D:4      | Reached skill level 7 in Stealth
  5746 | D:4      | Reached XP level 8. HP: 31/36 MP: 7/20
  6034 | D:4      | Found a hazy altar of Hepliaklqana.
  6047 | D:4      | Got a wavering granite ring
  6074 | D:4      | Identified the ring "Neosok" {+Fly rF++ rC-} (You found it on level 4 of the Dungeon)
  6076 | D:4      | Found a staircase to the Ecumenical Temple.
  6086 | Temple   | Entered the Ecumenical Temple
  6272 | D:4      | Found Miwipne's Antique Armour Shop.
  6282 | D:4      | Bought a ripped robe for 119 gold pieces
  6293 | D:4      | Identified the +3 robe of the Blue Moon {rC- Dex+4} (You bought it in a shop on level 4 of the Dungeon)
  6397 | D:5      | Entered Level 5 of the Dungeon
  6480 | D:5      | Noticed Shenda's ghost (amateur GrFi)
  6500 | D:5      | Killed Shenda's ghost
  6500 | D:5      | Reached skill level 8 in Stealth
  7818 | D:6      | Found Husziwuo's Humungous Hoard.
  7900 | D:6      | Reached XP level 9. HP: 32/39 MP: 23/23
  7968 | D:6      | Found a glowing silver altar of Zin.
  7969 | D:6      | Found an ancient bone altar of Kikubaaqudgha.
  8011 | D:6      | Found a runed door.
  8057 | D:6      | Reached skill level 9 in Stealth
  8205 | D:6      | Noticed Grinder
  8210 | D:6      | Reached skill level 10 in Hexes
  8231 | D:6      | Killed Grinder
  8271 | D:6      | Reached skill level 10 in Spellcasting
  8297 | D:6      | Noticed Sigmund
  8431 | D:6      | Found a burning altar of Makhleb.
  8499 | D:6      | Killed Sigmund
  8794 | D:6      | Noticed Crazy Yiuf
  8801 | D:6      | Killed Crazy Yiuf
  9020 | D:7      | Reached skill level 10 in Stealth
  9402 | D:7      | Found a large runed door.
  9472 | D:7      | Found a shadowy altar of Dithmenos.
  9477 | D:7      | Became a worshipper of Dithmenos the Shadowed
  9860 | D:7      | Reached XP level 10. HP: 33/44 MP: 20/26
 10382 | D:7      | Found a runed door.
 10496 | D:7      | Reached * piety under Dithmenos
 10671 | D:7      | Reached skill level 11 in Stealth
 11111 | D:7      | Found a large runed door.
 11142 | D:8      | Noticed Psyche
 11145 | D:8      | Killed Psyche
 11163 | D:8      | Found a blossoming altar of Fedhas.
 11167 | D:8      | Noticed Grum
 11198 | D:8      | Killed Grum
 11470 | D:8      | Noticed Maurice
 11477 | D:8      | Killed Maurice
 11477 | D:8      | Reached skill level 5 in Dodging
 11613 | D:8      | Reached skill level 5 in Short Blades
 11985 | D:8      | Found Iloxabol's Jewellery Shop.
 12246 | D:9      | Reached skill level 12 in Stealth
 12273 | D:9      | Reached ** piety under Dithmenos
 12314 | D:9      | Noticed poirepourri's ghost (novice GrFi)
 12336 | D:9      | Killed poirepourri's ghost
 12336 | D:9      | Reached XP level 11. HP: 47/47 MP: 13/27
 12533 | D:9      | Noticed Erolcha
 12540 | D:9      | Killed Erolcha
 13102 | D:10     | Entered Level 10 of the Dungeon
 13330 | D:10     | Reached skill level 13 in Stealth
 13570 | D:10     | Found Odiumum's Armour Shoppe.
 13574 | D:10     | Found a staircase to the Orcish Mines.
 13804 | D:10     | Noticed an unseen horror
 13816 | D:10     | Killed an unseen horror
 14044 | D:6      | Bought a +2 hat for 192 gold pieces
 14291 | D:11     | Reached *** piety under Dithmenos
 14405 | D:11     | Found a staircase to the Lair.
 14640 | D:11     | Found a labyrinth entrance.
 14644 | Lab      | Entered a labyrinth
 14790 | Lab      | Noticed an unseen horror
 14792 | Lab      | Killed an unseen horror
 14810 | Lab      | Reached skill level 14 in Stealth
 15189 | Lab      | Noticed a minotaur
 15192 | Lab      | Killed a minotaur
 15202 | Lab      | Identified the Papyrus of Feathery Combat Magic (You found it in a labyrinth)
 15265 | D:11     | Reached skill level 10 in Short Blades
 15279 | D:11     | Reached XP level 12. HP: 51/51 MP: 26/28
 15639 | D:12     | Noticed Shenda's ghost (journeyman GrFi)
 15646 | D:12     | Killed Shenda's ghost
 15683 | D:12     | Found a basalt altar of Yredelemnul.
 15714 | D:12     | Reached skill level 10 in Dodging
 15717 | D:12     | Reached **** piety under Dithmenos
 15801 | Lair:1   | Entered Level 1 of the Lair of Beasts
 15834 | Lair:1   | Noticed a seven-headed hydra
 15888 | Lair:1   | Killed a seven-headed hydra
 16202 | Lair:1   | Noticed HAL9000's ghost (novice OgBe)
 16481 | Lair:1   | Reached skill level 15 in Stealth
 16963 | Lair:1   | Killed HAL9000's ghost
 17443 | Lair:2   | Found a hole to the Spider Nest.
 17786 | Lair:2   | Noticed 4thArraOfDagon's ghost (novice VSMo)
 17791 | Lair:2   | Killed 4thArraOfDagon's ghost
 18222 | Lair:3   | Reached XP level 13. HP: 55/55 MP: 29/29
 19085 | Lair:4   | Reached skill level 16 in Stealth
 19090 | Lair:4   | Found a staircase to the Swamp.
 19157 | Lair:4   | Identified the Handbook of Enhancements and the Frostbite
 19185 | Lair:4   | Found a frozen archway.
 19253 | IceCv    | Entered an ice cave
 19710 | IceCv    | Reached ***** piety under Dithmenos
 19798 | IceCv    | Reached skill level 1 in Evocations
 19810 | IceCv    | Reached skill level 1 in Invocations
 20055 | IceCv    | Got a fine buckler
 20208 | Lair:4   | Identified the +2 buckler of Masochism {rElec rPois Int-5 Slay+5} (You found it in an ice cave)
 20673 | Lair:5   | Found a staircase to the Slime Pits.
 21443 | Lair:6   | Entered Level 6 of the Lair of Beasts
 21571 | Lair:6   | Identified a scroll of acquirement
 21574 | Lair:6   | Got an iridescent quick blade
 21575 | Lair:6   | Identified the +1 quick blade "Niumefra" {pierce, +Inv rC++ MR- Stlth+} (You acquired it on level 6 of the Lair of Beasts)
 21797 | Lair:6   | Reached skill level 5 in Evocations
 22543 | Lair:6   | Reached skill level 5 in Invocations
 22604 | Lair:6   | Gained mutation: Your magical capacity is low. (-10% MP) [potion of mutation]
 22604 | Lair:6   | Gained mutation: Your flesh is heat resistant. (rF+) [potion of mutation]
 22604 | Lair:6   | Gained mutation: You possess an exceptional clarity of mind. [potion of mutation]
 22605 | Lair:6   | Gained mutation: You have a pair of small antennae on your head. [potion of beneficial mutation]
 23250 | Lair:1   | Learned a level 2 spell: Repel Missiles
 23301 | Orc:1    | Entered Level 1 of the Orcish Mines
 23308 | Orc:1    | Noticed Nergalle
 23368 | Orc:1    | Killed Nergalle
 23476 | Orc:1    | Noticed an ettin
 23480 | Orc:1    | Killed an ettin
 23583 | Orc:2    | Entered Level 2 of the Orcish Mines
 23672 | Orc:2    | Reached ****** piety under Dithmenos
 23868 | Orc:2    | Reached skill level 17 in Stealth
 23912 | Orc:2    | Reached XP level 14. HP: 54/59 MP: 19/27
 24071 | Orc:2    | Found a staircase to the Elven Halls.
 24254 | Orc:2    | Noticed Donald
 24261 | Orc:2    | Found Qenkut's General Store.
 24262 | Orc:2    | Killed Donald
 24392 | Orc:2    | Bought a scroll of blinking for 97 gold pieces
 24405 | Orc:2    | Found a roughly hewn altar of Beogh.
 24405 | Orc:2    | Noticed an orc warlord
 24414 | Orc:2    | Killed an orc warlord
 24705 | Orc:2    | Found Tikh's Magic Scroll Shoppe.
 24985 | Orc:2    | Reached skill level 10 in Evocations
 25095 | Orc:2    | Bought a scroll of acquirement for 728 gold pieces
 25095 | Orc:2    | Bought a scroll of blinking for 105 gold pieces
 25303 | Orc:2    | Found a roughly hewn altar of Beogh.
 25371 | Orc:2    | Found Epiutis's Magic Scroll Emporium.
 25380 | Orc:2    | Bought a scroll of blinking for 105 gold pieces
 25380 | Orc:2    | Bought a scroll of blinking for 105 gold pieces
 25386 | Orc:2    | Found Woikliuk's General Store.
 25796 | Orc:1    | Found a bloodstained altar of Trog.
 26254 | D:12     | Reached skill level 1 in Charms
 26374 | D:12     | Reached skill level 1 in Air Magic
 26400 | D:12     | Noticed a sphinx
 26410 | D:12     | Noticed a storm dragon
 26573 | D:12     | Noticed Snorg
 26800 | D:12     | Killed a storm dragon
 26800 | D:12     | Reached skill level 18 in Stealth
 26850 | D:12     | Killed a sphinx
 26928 | D:11     | Gained mutation: Your spells are a little easier to cast, but a little less powerful. [mutagenic glow]
 27462 | Elf:1    | Entered Level 1 of the Elven Halls
 27494 | Elf:1    | Reached skill level 5 in Charms
 27526 | Elf:1    | Noticed Frances
 27529 | Elf:1    | Killed Frances
 27585 | Elf:1    | You fall through a shaft!
 27638 | Elf:2    | Reached XP level 15. HP: 63/63 MP: 25/28
 27862 | Elf:2    | Found a runed gate.
 27862 | Elf:2    | Found a runed gate.
 27863 | Elf:2    | Found a runed gate.
 28138 | Elf:1    | Reached skill level 15 in Dodging
 28159 | Elf:1    | Reached skill level 5 in Air Magic
 28688 | Elf:1    | Noticed Aizul
 28844 | Elf:1    | Identified the Almanac of Unholy Rites
 29116 | Lair:1   | Learned a level 2 spell: Swiftness
 29120 | Lair:1   | Learned a level 3 spell: Regeneration
 29124 | Lair:1   | Learned a level 3 spell: Mephitic Cloud
 29126 | Lair:1   | Learned a level 1 spell: Animate Skeleton
 29132 | Lair:1   | Learned a level 5 spell: Metabolic Englaciation
 29249 | Swamp:1  | Entered Level 1 of the Swamp
 29306 | Swamp:1  | Reached skill level 1 in Ice Magic
 29313 | Swamp:1  | Reached skill level 1 in Necromancy
 29458 | Swamp:1  | Noticed Kirke
 29530 | Swamp:1  | Reached skill level 19 in Stealth
 29609 | Swamp:1  | Noticed Louise
 29620 | Swamp:1  | Killed Louise
 30221 | Swamp:1  | Killed Kirke
 31832 | Swamp:3  | Reached XP level 16. HP: 67/67 MP: 29/29
 31985 | Swamp:3  | Reached skill level 5 in Necromancy
 32666 | Swamp:3  | Noticed a thorn hunter
 32683 | Swamp:3  | Killed a thorn hunter
 32759 | Swamp:4  | Entered Level 4 of the Swamp
 33217 | Swamp:4  | Reached skill level 5 in Ice Magic
 33234 | Swamp:4  | Noticed a thorn hunter
 33366 | Swamp:4  | Identified the Tome of Attacks (You found it on level 4 of the Swamp)
 34547 | Swamp:4  | Killed a thorn hunter
 34547 | Swamp:4  | Reached skill level 20 in Stealth
 35333 | Swamp:4  | Got a decaying rune of Zot
 36178 | D:13     | Found a gate to the Vaults.
 37144 | D:14     | Reached XP level 17. HP: 70/70 MP: 3/30
 37802 | D:14     | Found a runed door.
 37802 | D:14     | Found a glowing silver altar of Zin.
 37869 | D:15     | Entered Level 15 of the Dungeon
 38242 | D:15     | Found a staircase to the Depths.
 39205 | Lair:1   | Learned a level 4 spell: Animate Dead
 39497 | Elf:2    | Noticed a deep elf blademaster
 39518 | Elf:2    | Killed a deep elf blademaster
 39717 | Elf:1    | Reached skill level 21 in Stealth
 40325 | Elf:2    | Found Zeafog's Magic Scroll Shoppe.
 40604 | Elf:3    | Entered Level 3 of the Elven Halls
 41370 | Elf:1    | Killed Aizul
 41554 | Lair:1   | Got a blackened buckler
 41565 | Lair:1   | Identified the +0 buckler "Tealenia" {rF+} (You acquired it on level 1 of the Lair of Beasts)
 41647 | Spider:1 | Entered Level 1 of the Spider Nest
 41892 | Spider:1 | Reached skill level 10 in Necromancy
 42162 | D:6      | Bought a manual of Hexes for 1324 gold pieces
 43728 | Spider:2 | Noticed Azrael
 43733 | Spider:2 | Killed Azrael
 44050 | Spider:2 | Reached XP level 18. HP: 39/74 MP: 27/31
 45310 | Spider:1 | HP: 3/74 [redback (18)]
 46706 | Spider:3 | Reached skill level 15 in Hexes
 46744 | Spider:3 | Reached skill level 22 in Stealth
 48072 | Spider:4 | Entered Level 4 of the Spider Nest
 51283 | Spider:4 | Got a gossamer rune of Zot
 51391 | Spider:4 | Reached XP level 19. HP: 50/78 MP: 2/32
 52481 | Depths:1 | Entered Level 1 of the Depths
 53509 | Vaults:1 | Entered Level 1 of the Vaults
 53966 | Vaults:1 | Reached skill level 23 in Stealth
 54376 | Vaults:1 | Found Janledalei's Armour Shoppe.
 54858 | Vaults:2 | Found Gyihof's Distillery.
 57452 | Vaults:2 | Reached XP level 20. HP: 55/82 MP: 28/35
 58595 | Vaults:1 | Reached skill level 15 in Spellcasting
 58935 | Elf:2    | Bought a scroll of brand weapon for 260 gold pieces
 58935 | Elf:2    | Bought a scroll of enchant armour for 97 gold pieces
 60063 | Vaults:3 | Got an ancient rapier
 60064 | Vaults:3 | Identified the +6 rapier "Humo" {pierce, rN+ Str+4 Int-5} (You found it on level 3 of the Vaults)
 60233 | Vaults:3 | Found a staircase to the Crypt.
 60254 | Vaults:3 | Noticed a bone dragon
 60329 | Vaults:3 | Killed a bone dragon
 60580 | Vaults:3 | Noticed Margery
 60785 | Vaults:3 | Noticed Xtahua
 61138 | Vaults:3 | Killed Margery
 61715 | Vaults:3 | Killed Xtahua
 62830 | Vaults:4 | Reached XP level 21. HP: 31/86 MP: 38/38
 63874 | Vaults:3 | Noticed Boris
 64157 | Lair:1   | Learned a level 5 spell: Dispel Undead
 64320 | D:6      | Bought a scroll of holy word for 90 gold pieces
 64663 | Crypt:1  | Entered Level 1 of the Crypt
 64791 | Crypt:1  | Reached skill level 1 in Poison Magic
 65035 | Crypt:1  | Reached skill level 24 in Stealth
 65118 | Crypt:1  | Reached skill level 1 in Conjurations
 66776 | Crypt:2  | Found a deep blue altar of Sif Muna.
 67489 | Crypt:2  | Got a warped graven amulet
 67493 | Crypt:2  | Identified the amulet "Quxezutz" {Dismiss Str+8 Dex+2} (You took it off a vampire mage on level 2 of the Crypt)
 67533 | Crypt:2  | Identified Kusysmaf's Incunabulum of Companions
 67678 | Crypt:3  | Entered Level 3 of the Crypt
 68068 | Crypt:3  | Reached skill level 5 in Poison Magic
 68070 | Crypt:3  | Found an ancient bone altar of Kikubaaqudgha.
 69914 | Crypt:3  | Identified the Grimoire of Sinister Rites
 69957 | Crypt:3  | Reached XP level 22. HP: 90/90 MP: 39/39
 70949 | Crypt:3  | Got an ichor-stained dagger
 70950 | Crypt:3  | Identified the +6 dagger "Kopaecysto" {flame, rF+ rC+ Int+4 Dex+4} (You found it on level 3 of the Crypt)
 70995 | Crypt:3  | Noticed Khufu
 71348 | Crypt:3  | Reached skill level 5 in Conjurations
 72402 | Crypt:3  | Found a staircase to the Tomb.
 72434 | Crypt:3  | Killed Khufu
 73086 | Slime:1  | Entered Level 1 of the Pits of Slime
 73135 | Slime:1  | Slain by an acid blob

Vault maps used:
D:1:      evilmike_arrival_crescent, minmay_heptomino_d4
D:2:      kennysheep_goblin_castle
D:3:      uniq_jessica, uniq_robin
D:4:      kennysheep_mini, serial_shops, nicolae_shop_stone, uniq_pikel,
          uniq_duvessa
D:5:      first_bread
D:6:      gammafunk_temple_overflow_statue, basic_altar, nicolae_alphabet_shops,
          kennysheep_opposing_triangles, uniq_sigmund, uniq_crazy_yiuf_cottage,
          uniq_grinder
D:7:      erik_cavepeople, kennysheep_mini_moat, grunt_livestock,
          kennysheep_generic_room_16
D:8:      serial_shops, nicolae_shop_stone, fedhas_altar_1, uniq_maurice,
          uniq_psyche, uniq_grum
D:9:      serial_park_tiny_1, uniq_erolcha
D:10:     orc_david_3
D:11:     erik_lair_orcish_takeover, lab_entry_generic
D:12:     evilmike_diamond_1, basic_altar, minmay_crystal_water, uniq_snorg
D:13:     grunt_vaults_entry_tiered
D:14:     serial_bayou_ford_a, lemuel_angel_altar
D:15:     grunt_enter_depths_snipers
Temple:   hc_temple_tempest_star
Lair:1:   columned_hall_lemuel, serial_bayou_pond_a, ldierk_geyser,
          serial_bayou_shore_a, infiniplex_staircase_pool
Lair:2:   spider_nest_entry_a
Lair:3:   eino_small_chamber_without_monster, serial_bayou_shore_b
Lair:4:   nicolae_swamp_entry_splash_gauntlet, portal_ice_cave_entry_pillars_1
Lair:5:   nicolae_slime_entry_slimehenge
Lair:6:   hangedman_lair_in_review
Swamp:1:  evilmike_swamp_ruin_house_1, swamp_pool5, roderic_carrion_pond,
          uniq_louise, uniq_kirke
Swamp:2:  hangedman_swamp_ruin_wall, swamp_pool4
Swamp:3:  evilmike_swamp_ruin_rubble_1
Swamp:4:  swamp_vile, swamp_pool1
Spider:2: uniq_azrael
Spider:3: spider_temple_joshua, nicolae_spider_shape
Spider:4: spider_rune_water
Orc:1:    bloody_trog, uniq_nergalle
Orc:2:    pubby_orc_utopia, serial_shops, uniq_donald
Elf:1:    elf_arrival_001, minmay_elf_necromancy, roderic_roman_lattice,
          billiards_dpeg, uniq_aizul, uniq_frances
Elf:2:    serial_shops, nicolae_shop_stone
Elf:3:    minmay_elf_hall_not_hex, nooodl_food_tri
Vaults:1: v_misc_31, nicolae_vaults_circle_grid_a, v_misc_11, serial_shops,
          nicolae_shop_crystal
Vaults:2: vaults_dpeg_ring, nicolae_vaults_twisting_passages,
          nicolae_vaults_ninety_degrees, ontoclasm_vaults_misaligned,
          nicolae_vaults_circle_grid_b, v_misc_30,
          vaults_mumra_minichess_inversion, ontoclasm_vaults_chip,
          nicolae_vaults_little_squares_1, grunt_vaults_hallway_short,
          serial_shops, shop
Vaults:3: st_hourglassy, nicolae_vaults_asterisk,
          minmay_crypt_entry_nasty_monster, v_alt_pattern_1,
          ontoclasm_vaults_eye, vaults_room_fours, vaults_room_fancy_cross,
          grunt_vaults_diagonal, nicolae_vaults_theta, v_misc_9,
          nicolae_vaults_sealed_display, v_alt_pattern_5, ontoclasm_vaults_chip,
          vaults_room_stairs_pillars, v_alt_pattern_1,
          grunt_vaults_hallway_long, nicolae_vaults_little_squares_5,
          uniq_xtahua, uniq_margery, uniq_boris
Vaults:4: v_misc_10, v_misc_11, vaults_mumra_hexcomb, v_misc_28,
          vaults_room_corners, v_pattern_2, ontoclasm_vaults_hangar,
          nicolae_vaults_rhombus_7, nicolae_vaults_ring_of_whatevers
Crypt:1:  grunt_crypt_arrival_webbed, roderic_lattice_octagonal_star
Crypt:2:  hangedman_summoners_spam
Crypt:3:  grunt_crypt_end_deaths_head
Depths:1: enter_ziggurat_f, hell_entry, nicolae_abyss_entry_one_way_or_another,
          kennysheep_big_empty_room, hangedman_corner_corridor,
          serial_bayou_shore_b
Lab:      lab_statue, nicolae_lab_arrow, nicolae_lab_t_cross
IceCv:    ice_cave_tombish

Skill      XL: |  1  2  3  4  5  6  7  8  9 10 11 12 13 14 15 16 17 18 19 20 21 22 |
---------------+-------------------------------------------------------------------+-----
Hexes          | 4 5 6 8 9 11 13 17 19 20 | 20.2
Spellcasting   | 3 4 5 6 7 9 11 12 14 16 | 16.4
Stealth        | 5 6 7 8 10 12 14 15 17 18 19 20 21 22 23 24 | 24.7
Short Blades   | 6 10 12 | 12.7
Dodging        | 6 9 11 13 14 15 16 17 19 20 21 | 21.3
Evocations     | 8 11 | 11.3
Invocations    | 5 |  5.4
Charms         | 6 8 |  8.5
Air Magic      | 4 5 8 9 |  9.1
Ice Magic      | 4 7 9 |  9.3
Necromancy     | 4 8 10 12 | 12.1
Poison Magic   | 6 7 |  7.7
Conjurations   | 4 5 |  5.6

Action                   |  1- 3 |  4- 6 |  7- 9 | 10-12 | 13-15 | 16-18 | 19-21 | 22-24 || total
-------------------------+-------+-------+-------+-------+-------+-------+-------+-------++-------
Melee: Dagger            |   202 |   132 |   254 |   611 |   183 |       |       |       ||  1382
       Quick blade       |       |       |       |       |  1237 |  2373 |  2387 |   300 ||  6297
 Cast: Ensorcelled Hiber |    14 |    16 |    32 |    78 |    41 |     9 |       |       ||   190
       Corona            |     1 |       |       |       |       |       |       |       ||     1
       Confuse           |     2 |    16 |    45 |   105 |   119 |   272 |   170 |     9 ||   738
       Repel Missiles    |       |       |       |       |     1 |     1 |     2 |       ||     4
       Animate Skeleton  |       |       |       |       |    16 |    31 |     1 |       ||    48
       Metabolic Englaci |       |       |       |       |       |     3 |       |       ||     3
       Animate Dead      |       |       |       |       |       |    34 |    42 |     1 ||    77
       Regeneration      |       |       |       |       |       |       |     3 |       ||     3
       Dispel Undead     |       |       |       |       |       |       |    77 |    38 ||   115
Invok: Shadow Step       |       |       |       |       |     3 |     3 |     2 |       ||     8
 Abil: Evoke Invisibilit |       |       |       |       |    12 |     6 |     1 |       ||    19
       Evoke Flight      |       |       |       |       |     3 |     8 |       |       ||    11
Evoke: Rod               |       |       |       |     1 |       |     3 |     4 |       ||     8
       Wand              |       |       |       |       |     4 |     8 |       |       ||    12
  Use: Scroll            |       |       |     7 |    12 |    18 |     3 |    10 |     2 ||    52
       Potion            |       |       |       |       |    10 |     6 |     2 |       ||    18
 Stab: Sleeping          |    24 |    19 |    42 |   138 |   143 |   115 |   164 |     8 ||   653
       Distracted        |     1 |       |       |     3 |    16 |    28 |    34 |     1 ||    83
       Confused          |       |    12 |    31 |    66 |    47 |   109 |    74 |     1 ||   340
       Invisible         |       |       |       |       |    30 |    15 |     1 |       ||    46
       Held in net/web   |       |       |       |       |       |     1 |       |       ||     1
  Eat: Royal jelly       |       |     1 |       |       |     1 |       |     1 |       ||     3
       Fruit             |       |     2 |     2 |       |     6 |     2 |     8 |       ||    20
       Pizza             |       |       |     1 |     2 |     8 |       |     1 |       ||    12
       Bread ration      |       |       |     1 |       |     1 |     6 |     5 |     2 ||    15
Armor: Robe              |    30 |     9 |     9 |    17 |    33 |    68 |    41 |     7 ||   214
       Skin              |       |       |       |       |     1 |       |       |       ||     1
Dodge: Dodged            |   183 |    71 |   127 |   367 |   540 |  1051 |   996 |   115 ||  3450
       Deflected         |       |       |       |       |     3 |     6 |    10 |     1 ||    20
Block: Buckler           |       |       |       |       |   353 |   773 |   588 |    37 ||  1751
       Reflection        |       |       |       |       |    18 |    34 |    40 |       ||    92
